 Dungeon Crawl Stone Soup version 0.27.0-1-g7a089689b8 (webtiles) character file.

Game seed: 14961488615888253442

499 Leibowitz the Shield-Bearer (level 6, -2/52 HPs)
             Began as a Demigod Fighter on Aug 10, 2021.
             Succumbed to a killer bee's poison
             ... on level 4 of the Dungeon.
             The game lasted 00:07:05 (4281 turns).

Leibowitz the Shield-Bearer (Demigod Fighter)       Turns: 4281, Time: 00:07:05

Health: -2/52      AC:  5    Str: 17    XL:     6   Next: 62%
Magic:  8/8        EV: 10    Int: 10    God:
Gold:   248        SH: 10    Dex: 21    Spells: 5/5 levels left

rFire    . . .     SeeInvis .   a - +2 dagger (venom)
rCold    . . .     Faith    .   c - +0 kite shield
rNeg     . . .     Spirit   .   f - +0 leather armour
rPois    .         Reflect  .   o - +2 hat
rElec    .         Harm     .   (no cloak)
rCorr    .         Rampage  .   (no gloves)
Will     .....                  (no boots)
Stlth    ++........             (no amulet)
HPRegen  0.17/turn              (no ring)
MPRegen  0.11/turn              (no ring)

@: lethally poisoned (-2 -> -26), hasted, very quick
A: high mp 1, forlorn
a: no special abilities


You were on level 4 of the Dungeon.
You visited 1 branch of the dungeon, and saw 4 of its levels.

You collected 248 gold pieces.

Inventory:

Hand Weapons
 a - a +2 dagger of venom (weapon)
 h - a +0 rapier
 i - a +2 dagger of venom
Armour
 c - a +0 kite shield (worn)
 f - a +0 leather armour (worn)
 o - a +2 hat (worn)
Scrolls
 b - a scroll of enchant armour {unknown}
 d - a scroll of teleportation {unknown}
 e - 6 scrolls of identify {unknown}
 g - a scroll of brand weapon {unknown}
 m - a scroll of noise {unknown}
 n - a scroll of enchant weapon {unknown}
Potions
 l - a potion of brilliance {unknown}


   Skills:
 * Level 3.7 Fighting
 * Level 3.7 Short Blades
 * Level 3.7 Armour
 * Level 2.1 Dodging
 * Level 1.1 Stealth
 * Level 4.2 Shields


You had 5 spell levels left.
You didn't know any spells.
Your spell library contained the following spells:

 Spells                   Type           Power      Damage    Failure   Level
 Sandblast                Erth           0%         2d4       88%         1
 Passwall                 Tmut/Erth      0%         N/A       95%         2
 Lee's Rapid Deconstruct  Erth           0%         3d5*      100%        5


Dungeon Overview and Level Annotations

Branches:
Dungeon (4/15)
 Temple: D:4-7

Shops:
D:3 *


Innate Abilities, Weirdness & Mutations

Your attributes grow dramatically as you level up.
You have an increased reservoir of magic. (+10% MP)
You shall have no god before yourself.


Message History

You miss the killer bee.
The killer bee is heavily wounded.
You feel very sick.
The killer bee stings you but does no damage.
You block the killer bee's attack.
You barely miss the killer bee.
The killer bee is severely wounded.
You feel sick.
The killer bee stings you but does no damage. x2
You hit the killer bee.
The killer bee looks as sick as possible!
The killer bee is almost dead.
You feel sick.
You kill the killer bee!
The killer bee closely misses you.
You barely miss the killer bee.
You feel sick. The killer bee stings you.
* * * LOW HITPOINT WARNING * * *
The killer bee barely misses you.
You feel much better.
You feel sick. The killer bee stings you.
You are more poisoned.
The killer bee poisons you! You block the killer bee's attack.
You hit the killer bee.
The killer bee is poisoned.
The killer bee is lightly wounded.
You feel very sick. The killer bee stings you.
* * * LOW HITPOINT WARNING * * *
You are lethally poisoned!
The killer bee poisons you! The killer bee stings you.
* * * LOW HITPOINT WARNING * * *
You closely miss the killer bee.
The killer bee is moderately wounded.
* * * LOW HITPOINT WARNING * * *
You feel very sick. The killer bee stings you.
* * * LOW HITPOINT WARNING * * *
You are more poisoned.
The killer bee poisons you!
The killer bee stings you but does no damage.
It was a potion of haste.
You feel yourself speed up.
You die...

###.#.#.# #.# #.#.#.#
#.# ≈. #.#.#>##.#
#.###y.≈y
###.#......#####......≈g
[................###
...........<.......#
##..############.#.####
##..# #y#....# ....#
#@#....# ##<## ###
#.##...###.# #.# ##_#
#.###......# #.# ##..###
#.# #.###### #...#
#.#...# #.# #.# ###.#
#..#..# ... #.# .#
##..#.# #.# #.# # ##..##
### #.#####... ##.#.†#
#...^.....


You could see a killer bee (very poisoned).

Vanquished Creatures
  A black bear (D:4)
  A water moccasin skeleton (D:3)
  2 killer bees (D:4)
  2 hounds (D:4)
  Terence (D:2)
  An orc wizard (D:3)
  A hound skeleton (D:4)
  6 adders
  An adder skeleton (D:4)
  A dart slug (D:3)
  8 orcs
  4 bats
  9 endoplasms
  9 goblins
  11 hobgoblins
  6 jackals
  5 quokkas
  6 ball pythons
  3 kobolds
  2 rats (D:1)
80 creatures vanquished.

Notes
Turn   | Place    | Note
-------+----------+-------------------------------------------
     0 | D:1      | Leibowitz the Demigod Fighter began the quest for the Orb.
     0 | D:1      | Reached XP level 1. HP: 18/18 MP: 3/3
   277 | D:1      | Reached XP level 2. HP: 19/25 MP: 4/4
   820 | D:1      | Noticed a floating eye
   949 | D:1      | Noticed a great orb of eyes
   953 | D:1      | Noticed an eye of devastation
   953 | D:1      | Noticed an eye of devastation
  1288 | D:2      | Noticed Terence
  1297 | D:2      | Killed Terence
  1298 | D:2      | Reached skill level 3 in Shields
  1298 | D:2      | Reached XP level 3. HP: 9/31 MP: 5/5
  2468 | D:3      | Reached XP level 4. HP: 29/38 MP: 6/6
  2601 | D:3      | Reached skill level 1 in Dodging
  2601 | D:3      | Reached XP level 5. HP: 24/45 MP: 7/7
  2788 | D:3      | Found Foipp's Assorted Antiques.
  3815 | D:4      | Reached XP level 6. HP: 13/51 MP: 8/8
  4087 | D:4      | Reached skill level 4 in Shields
  4270 | D:4      | Reached skill level 1 in Stealth
  4281 | D:4      | Succumbed to a killer bee's poison

Illustrated notes

Levels and vault maps discovered:
D:1:      dpeg_arrival_three_same_balls, layout_rooms,
          hellmonk_ecumenical_altar_watching_god, minmay_misc_feat_more_columns
D:2:      layout_loops_ring, basic_altar, uniq_terence
D:3:      layout_loops_ring, grunt_dithmenos_smoke_and_mirrors,
          amcnicky_altar_gilded, serial_shops, shop
D:4:      layout_loops_ring, marbit_many_paths,
          mainiacjoe_overflow_concentric_impassable, fedhas_altar_decomposition,
          uniq_crazy_yiuf_cottage

Skill      XL: |  1  2  3  4  5  6 |
---------------+-------------------+-----
Short Blades   | 2 3 |  3.7
Fighting       | 3 |  3.7
Armour         | 3 |  3.7
Shields        | 3 4 |  4.2
Dodging        | 1 2 |  2.1
Stealth        | 1 |  1.1

Action                   |  1- 3 |  4- 6 || total
-------------------------+-------+-------++-------
Melee: Rapier            |   103 |       ||   103
       Dagger            |    10 |   184 ||   194
  Use: Potion            |     1 |     7 ||     8
 Stab: Sleeping          |       |     2 ||     2
Armor: Scale mail        |    25 |       ||    25
       Leather armour    |    10 |    35 ||    45
Dodge: Dodged            |    33 |    64 ||    97
Block: Kite shield       |    56 |    83 ||   139
